[ AOE2 MATCH · #463542949 ]
Team RMBritons vs Bulgarians
[ REPLAY ANALYSIS · EXTRACTED FROM THE RECORDED GAME ]
Feudal
—
Castle
—
Imperial
—
| APM avg | 24.1 |
| APM peak | 35 |
| eAPM avg | 12.0 |
| Villagers / military | 7 / 0 |
Focus
⚔️ 0.0% · 🌾 100.0%
Feudal
—
Castle
—
Imperial
—
| APM avg | 1.9 |
| APM peak | 2 |
| eAPM avg | 1.9 |
| Villagers / military | 0 / 0 |
Feudal
—
Castle
—
Imperial
—
| APM avg | 65.9 |
| APM peak | 78 |
| eAPM avg | 11.4 |
| Villagers / military | 5 / 0 |
Focus
⚔️ 0.0% · 🌾 100.0%
Feudal
—
Castle
—
Imperial
—
| APM avg | 72.3 |
| APM peak | 84 |
| eAPM avg | 15.9 |
| Villagers / military | 6 / 0 |
Focus
⚔️ 0.0% · 🌾 100.0%
Match map
Initial resources + every placement click. Lines = walls · curves = elevation contours. ◆ gold · ⬟ stone · ● berries · ✦ relic · ◌ wall gap
Your base
DanielCilley's base
LeonSuarez's base
Grimlook's base
Smoothed initial terrain · ◌ = detected wall gap · hover for details
Inputs per minute
— Kosmicol - - DanielCilley
Build order — Kosmicol
9 actions detected in the replay
| 0:02 | Create | Villager (Male) |
| 0:02 | Create | Villager (Male) |
| 0:02 | Create | Villager (Male) |
| 0:02 | Create | Villager (Male) |
| 0:03 | Create | Villager (Male) |
| 0:05 | Build | House |
| 0:08 | Build | House |
| 1:23 | Create | Villager (Male) |
| 1:23 | Create | Villager (Male) |
Build order — DanielCilley
0 actions detected in the replay
Build order — LeonSuarez
7 actions detected in the replay
| 0:02 | Create | Villager (Male) |
| 0:02 | Create | Villager (Male) |
| 0:02 | Create | Villager (Male) |
| 0:02 | Create | Villager (Male) |
| 0:03 | Create | Villager (Male) |
| 0:04 | Build | House |
| 0:06 | Build | House |
Build order — Grimlook
6 actions detected in the replay
| 0:01 | Create | Villager (Male) |
| 0:04 | Build | House |
| 0:06 | Build | House |
| 0:29 | Create | Villager (Male) ×3 |
| 1:32 | Create | Villager (Male) |
| 1:33 | Create | Villager (Male) |
Match timeline
| 1:08 | DanielCilley · resign |
[ AI ANALYSIS · 1 CREDIT ]
What really happened in this match?
Wolo.gg analyzes every decision: build order, eco, micro, common mistakes by bracket. Personalized analysis on WhatsApp or Discord in 30 seconds.
Civ guide
Britons
Map guide
Arena
Perfil
Kosmicol